 Dungeon Crawl Stone Soup version 0.24.0-1-gfbc8707122 (webtiles) character file.

Game seed: 13469586903710073547, levelgen mode: deterministic

60 Amplified the Magician (level 3, 0/30 HPs)
             Began as a Centaur Wizard on Oct 27, 2019.
             Succumbed to an adder's poison
             ... on level 3 of the Dungeon.
             The game lasted 00:06:41 (2408 turns).

Amplified the Magician (Centaur Wizard)             Turns: 2408, Time: 00:06:42

Health: 0/30       AC:  7    Str:  9    XL:     3   Next: 80%
Magic:  6/6        EV:  9    Int: 15    God:
Gold:   111        SH:  0    Dex:  8    Spells: 0/6 levels left

rFire    . . .     SeeInvis .   m - +0 hunting sling
rCold    . . .     Gourm    .   (no shield)
rNeg     . . .     Faith    .   l - +0 robe (curse)
rPois    .         Spirit   .   b - +0 hat
rElec    .         Reflect  .   (no cloak)
rCorr    .         Harm     .   s - +0 pair of gloves
MR       .....     Rnd*Rage +   (no barding)
Stlth    +.........             (no amulet)
HPRegen  0.10/turn              p - -3 ring of slaying (curse)
MPRegen  0.10/turn              (no ring)

@: lethally poisoned (0 -> -2), hasted (expiring), very quick
A: large, hooves 3, thin metallic scales 1, berserk 1, blurry vision 1, deformed
body, dopey 1, speed 2, tough skin 3
a: no special abilities


You were on level 3 of the Dungeon.
You were hungry.

You visited 1 branch of the dungeon, and saw 3 of its levels.

You collected 111 gold pieces.

Inventory:

Hand Weapons
 e - a +0 dagger
 m - a +0 hunting sling (weapon)
Missiles
 g - 15 stones
 j - 4 poisoned darts
 q - 9 sling bullets (quivered)
Armour
 a - a +0 robe
 b - a +0 hat (worn)
 c - a +0 leather armour
 l - a cursed +0 robe (worn)
 s - a +0 pair of gloves (worn)
Jewellery
 p - a cursed -3 ring of slaying (left hand)
Potions
 o - a potion of brilliance
 t - a potion of haste
Comestibles
 d - 4 rations


   Skills:
 * Level 2.3 Fighting
 * Level 0.6 Slings
 - Level 1.3 Dodging
 - Level 1.1 Stealth
 - Level 2.4 Spellcasting
 - Level 2.2 Conjurations
   Level 0.8 Summonings
 - Level 0.8 Translocations


You couldn't memorise any spells.
You knew the following spells:

 Your Spells              Type           Power        Failure   Level  Hunger
a - Magic Dart            Conj           #...         9%          1    #......
b - Blink                 Tloc           N/A          22%         2    ###....
c - Mephitic Cloud        Conj/Pois/Air  #.......     43%         3    ###....

Your spell library contained the following spells:

 Spells                   Type           Power        Failure   Level  Hunger
 Call Imp                 Summ           #.......     22%         2    ###....
 Slow                     Hex            #.......     32%         2    ###....
 Conjure Flame            Conj/Fire      #.......     38%         3    ###....


Dungeon Overview and Level Annotations

Branches:
Dungeon (3/15)

Altars:


Innate Abilities, Weirdness & Mutations

You have hooves in place of feet.
Armour fits poorly on your strangely shaped body.
You cover ground very quickly.
You have extremely tough skin. (AC +3)
You are partially covered in thin metallic scales. (AC +2)
You tend to lose your temper in combat.
Scrolls take you a little longer to read.
You are dopey. (Int -2)


Message History

Really quaff the potion of mutation?
You feel extremely strange.
You feel stronger.
Your thoughts seem clearer.
Really quaff the potion of mutation?
You feel extremely strange.
You feel weaker.
Your thinking seems confused.
Your vision blurs.
You feel a little pissed off.
You feel stupid.
Thin metallic scales grow over part of your body.
* * * LOW HITPOINT WARNING * * *
You feel sick.
Unknown command.
Okay, then.
Your extra speed is starting to run out.
You aren't carrying any items that you can evoke.
Unknown command.
You aren't carrying any scrolls.
Unknown command.
You see here 3 sling bullets.
q - 9 sling bullets (gained 3)
You die...

.####...#.#
.'.......S###
####.......#
#..#....# #.#.....#
#.#.....# #+#
#.#.....# #.#
#.##....# #.#
#####.###@#.# ##.##
#...#.......#
##...###...#####.###
.(...).(((...###(#
##...#......(....#
##<##.......#####
######...### #...#
#####


You could see an adder.

Vanquished Creatures
  An adder (D:2)
  A dart slug (D:1)
  A worm (D:2)
  3 leopard geckos (D:1)
  An orc (D:3)
  A ball python (D:2)
  6 bats
  3 giant cockroaches
  5 goblins
  4 hobgoblins
  A quokka (D:2)
  6 frilled lizards (D:1)
  4 kobolds
  2 rats (D:1)
39 creatures vanquished.

Notes
Turn   | Place    | Note
-------+----------+-------------------------------------------
     0 | D:1      | Amplified the Centaur Wizard began the quest for the Orb.
     0 | D:1      | Reached XP level 1. HP: 14/14 MP: 3/3
    82 | D:1      | Reached skill level 1 in Conjurations
   208 | D:1      | Reached skill level 1 in Fighting
   311 | D:1      | Reached XP level 2. HP: 21/23 MP: 3/5
   724 | D:1      | Learned a level 2 spell: Blink
  1268 | D:1      | Reached XP level 3. HP: 26/29 MP: 4/6
  1703 | D:2      | Learned a level 3 spell: Mephitic Cloud
  2392 | D:3      | HP: 1/30 [poisoned by an adder]
  2396 | D:3      | Gained mutation: Your muscles are strong. (Str +2) [potion
                  | of mutation]
  2396 | D:3      | Gained mutation: You possess an exceptional clarity of
                  | mind. [potion of mutation]
  2397 | D:3      | Lost mutation: Your muscles are strong. (Str +2) [potion of
                  | mutation]
  2397 | D:3      | Lost mutation: You possess an exceptional clarity of mind.
                  | [potion of mutation]
  2397 | D:3      | Gained mutation: Scrolls take you a little longer to read.
                  | [potion of mutation]
  2397 | D:3      | Gained mutation: You tend to lose your temper in combat.
                  | [potion of mutation]
  2397 | D:3      | Gained mutation: You are dopey. (Int -2) [potion of
                  | mutation]
  2397 | D:3      | Gained mutation: You are partially covered in thin metallic
                  | scales. (AC +2) [potion of mutation]
  2400 | D:3      | HP: 1/30 [poisoned by an adder]
  2408 | D:3      | Succumbed to an adder's poison

Levels and vault maps discovered:
D:1:      ncdulo_smallfort, layout_loops_ring, minmay_stone_trees_medium,
          due_unseen_surprise
D:2:      layout_basic, first_ration
D:3:      layout_loops_corners, makhleb_altar_promises_db,
          uniq_crazy_yiuf_cottage

Skill      XL: |  1  2  3 |
---------------+----------+-----
Conjurations   | 1 2 |  2.2
Fighting       | 1 2 |  2.3
Slings         | |  0.6
Dodging        | |  1.3
Stealth        | |  1.1
Spellcasting   | |  2.4
Summonings     | |  0.8
Translocations | |  0.8

Action                   || total
-------------------------++-------
Melee: Dagger            ||   101
       Unarmed           ||     6
       Kick              ||    12
 Fire: Hunting sling     ||    33
Throw: Dart              ||    18
 Cast: Magic Dart        ||    45
       Blink             ||     1
  Use: Scroll            ||     7
       Potion            ||     6
  Eat: Chunk             ||     3
Armor: Leather armour    ||     7
       Robe              ||    45
Dodge: Dodged            ||    76
